 Dungeon Crawl Stone Soup version 0.24.0-123-gd5b16e6ec5 (webtiles) character file.

Game seed: 12064471058525461118, levelgen mode: deterministic

90 SeryemOne the Magician (level 4, -2/32 HPs)
             Began as a Gnoll Wizard on Jan 11, 2020.
             Slain by an ogre
             ... wielding a +0 giant spiked club
              (21 damage)
             ... on level 3 of the Dungeon.
             The game lasted 00:05:33 (2427 turns).

SeryemOne the Magician (Gnoll Wizard)               Turns: 2427, Time: 00:05:34

Health: -2/32      AC:  7    Str:  9    XL:     4   Next: 56%
Magic:  1/13       EV: 27    Int: 21    God:
Gold:   94         SH:  0    Dex: 14    Spells: 6/17 levels left

rFire    . . .     SeeInvis .   u - +0 trident
rCold    + . .     Gourm    .   (no shield)
rNeg     . . .     Faith    .   i - +0 ring mail
rPois    .         Spirit   .   b - +0 hat
rElec    .         Reflect  .   c - +0 cloak
rCorr    .         Harm     .   (no gloves)
MR       .....                  o - +0 pair of boots
Stlth    ++........             e - amulet of the acrobat
HPRegen  0.10/turn              n - ring of protection from cold
MPRegen  0.13/turn              (no ring)

@: acrobat
A: distributed training, fangs 1, strong nose
a: no special abilities


You were on level 3 of the Dungeon.
You were very hungry.

You visited 1 branch of the dungeon, and saw 4 of its levels.

You collected 94 gold pieces.

Inventory:

Hand Weapons
 k - a +0 whip
 u - a +0 trident (weapon)
 v - a +0 hunting sling
Missiles
 w - 77 stones (quivered)
Armour
 a - a +0 robe
 b - a +0 hat (worn)
 c - a +0 cloak (worn)
 i - a +0 ring mail (worn)
 o - a +0 pair of boots (worn)
Jewellery
 e - an amulet of the acrobat (around neck)
 n - a ring of protection from cold (left hand)
Wands
 t - a wand of digging (8)
Scrolls
 g - 5 scrolls of identify {unknown}
 h - a scroll of blinking {unknown}
 j - a scroll of enchant armour {unknown}
 l - 3 scrolls of amnesia {unknown}
 m - a scroll of immolation {unknown}
 p - 3 scrolls of enchant weapon {unknown}
 x - a scroll of fog {unknown}
Potions
 f - 2 potions of curing {unknown}
 q - a potion of agility {unknown}
 r - a potion of haste {unknown}
 s - a potion of heal wounds {unknown}
Comestibles
 d - 4 rations


   Skills:
 + Level 1.1 Fighting
 + Level 1.1 Short Blades
 + Level 1.1 Long Blades
 + Level 1.1 Axes
 + Level 1.1 Maces & Flails
 + Level 1.1 Polearms
 + Level 1.1 Staves
 + Level 1.1 Slings
 + Level 1.1 Bows
 + Level 1.1 Crossbows
 + Level 1.1 Throwing
 + Level 1.1 Armour
 + Level 4.6 Dodging
 + Level 4.2 Stealth
 + Level 1.1 Shields
 + Level 1.1 Unarmed Combat
 + Level 7.2 Spellcasting
 + Level 2.2 Conjurations
 + Level 0.9 Hexes
 + Level 0.9 Charms
 + Level 2.2 Summonings
 + Level 0.9 Necromancy
 + Level 2.2 Translocations
 + Level 0.9 Transmutations
 + Level 0.9 Fire Magic
 + Level 0.9 Ice Magic
 + Level 0.9 Air Magic
 + Level 0.9 Earth Magic
 + Level 0.9 Poison Magic
 + Level 1.2 Invocations
 + Level 1.1 Evocations


You had 6 spell levels left.
You knew the following spells:

 Your Spells              Type           Power        Failure   Level  Hunger
a - Magic Dart            Conj           ###.         10%         1    None
b - Call Imp              Summ           ###.....     14%         2    None
e - Conjure Flame         Conj/Fire      ##......     36%         3    None
f - Mephitic Cloud        Conj/Pois/Air  ##......     38%         3    None
i - Blink                 Tloc           N/A          14%         2    None

Your spell library contained the following spells:

 Spells                   Type           Power        Failure   Level  Hunger
 Slow                     Hex            ##......     26%         2    None


Dungeon Overview and Level Annotations

Branches:
Dungeon (4/15)
 Temple: D:4-7

Altars:
Sif Muna
The Shining One

Annotations:
D:3 Robin


Innate Abilities, Weirdness & Mutations

Your experience applies equally to all skills.
You have very sharp teeth.
Your uncanny sense of smell can sniff out nearby items.


Message History

The slug dart misses you.
Found 14 gold pieces.
The hobgoblin completely misses you. The goblin completely misses you.
There is a stone staircase leading up here.
The ogre hits you with a +0 giant spiked club!
The hobgoblin hits you but does no damage.
You climb upwards.
Level annotation: Robin
There is a stone staircase leading down here.
Casting: Blink (safe; 14% risk of failure)
Confirm with . or Enter, or press ? or * to list all spells.
You blink.
The hobgoblin hits you with a +0 club.
Casting: Blink (safe; 14% risk of failure)
Confirm with . or Enter, or press ? or * to list all spells.
You don't have enough magic to cast that spell.
The hobgoblin no longer looks unusually strong.
The goblin misses you. The hobgoblin completely misses you.
The ogre hits you with a +0 giant spiked club!!
Ouch! That really hurt!
You die...

#...#.# #.##.##.#
#.....# #.##.##.#
#...### #.##.##.#####
##.## #.##........#
#.# #.#####.###.# #.#
#######)# #.###.###
#.# #..w..#g#
#.......# #.#
#§gg..#(#########.#.#
#.#
#.gg@g..............#
###.#
#>.O................#
....#
#.....#)##########..#
.#### ###..##†# #..#
.# #..##†# ######..#
.# #..##.# .........
.# #..# .# #######.#
.# #... .. #.# .#
####### ###


You could see an ogre, Robin, a dart slug, 3 hobgoblins and a goblin.

Vanquished Creatures
  An adder (D:1)
  An ooze (D:2)
  A dart slug (D:3)
  2 leopard geckos (D:1)
  3 orcs (D:3)
  3 ball pythons
  2 giant cockroaches (D:1)
  10 goblins
  5 hobgoblins
  7 jackals
  A quokka (D:2)
  6 bats
  2 frilled lizards (D:1)
  4 kobolds
  4 rats
52 creatures vanquished.

Vanquished Creatures (collateral kills)
  An adder (D:3)
  A worm (D:3)
  2 orcs (D:3)
  A quokka (D:1)
  A frilled lizard (D:3)
  2 goblins (D:3)
  A kobold (D:1)
  A rat (D:3)
10 creatures vanquished.

Grand Total: 62 creatures vanquished

Notes
Turn   | Place    | Note
-------+----------+-------------------------------------------
     0 | D:1      | SeryemOne the Gnoll Wizard began the quest for the Orb.
     0 | D:1      | Reached XP level 1. HP: 13/13 MP: 8/8
   160 | D:1      | Reached XP level 2. HP: 19/19 MP: 3/10
   164 | D:1      | Learned a level 2 spell: Call Imp
   167 | D:1      | Learned a level 2 spell: Blink
   731 | D:1      | Reached XP level 3. HP: 21/25 MP: 0/11
   931 | D:2      | Reached skill level 1 in Invocations
  1143 | D:2      | Reached skill level 1 in Fighting
  1143 | D:2      | Reached skill level 1 in Short Blades
  1143 | D:2      | Reached skill level 1 in Long Blades
  1143 | D:2      | Reached skill level 1 in Axes
  1143 | D:2      | Reached skill level 1 in Maces & Flails
  1143 | D:2      | Reached skill level 1 in Polearms
  1143 | D:2      | Reached skill level 1 in Staves
  1143 | D:2      | Reached skill level 1 in Slings
  1143 | D:2      | Reached skill level 1 in Bows
  1143 | D:2      | Reached skill level 1 in Crossbows
  1143 | D:2      | Reached skill level 1 in Throwing
  1143 | D:2      | Reached skill level 1 in Armour
  1143 | D:2      | Reached skill level 1 in Shields
  1143 | D:2      | Reached skill level 1 in Unarmed Combat
  1143 | D:2      | Reached skill level 1 in Evocations
  1296 | D:2      | Found a shimmering blue altar of Sif Muna.
  1608 | D:3      | Reached XP level 4. HP: 16/32 MP: 9/13
  1855 | D:3      | Learned a level 3 spell: Conjure Flame
  1859 | D:3      | Learned a level 3 spell: Mephitic Cloud
  1948 | D:3      | Found a glowing golden altar of the Shining One.
  2399 | D:3      | Noticed Robin
  2417 | D:4      | Noticed an ogre
  2427 | D:3      | Slain by an ogre

Levels and vault maps discovered:
D:1:      lightli_arrival_chessboard, layout_loops_cross
D:2:      layout_rooms, lemuel_blue_sif_altar, chequers_serial_rivers_large_a,
          due_unseen_surprise
D:3:      layout_loops_ring, nicolae_tso_carved_into_rock, uniq_robin
D:4:      layout_cave_pools, okawaru_metal_pillars_1_2, zin_academy,
          serial_park, serial_park_tiny_2, serial_park_square1
          [serial_park_minivault_5x5_6], serial_park_tiny_1, serial_park_square3
          [serial_park_minivault_5x5_3], serial_shops, shop, first_ration

Skill      XL: |  1  2  3 |
---------------+----------+-----
Conjurations   | 2 |  2.2
Summonings     | 2 |  2.2
Translocations | 2 |  2.2
Invocations    | 1 |  1.2
Fighting       | 1 |  1.1
Short Blades   | 1 |  1.1
Long Blades    | 1 |  1.1
Axes           | 1 |  1.1
Maces & Flails | 1 |  1.1
Polearms       | 1 |  1.1
Staves         | 1 |  1.1
Slings         | 1 |  1.1
Bows           | 1 |  1.1
Crossbows      | 1 |  1.1
Throwing       | 1 |  1.1
Armour         | 1 |  1.1
Shields        | 1 |  1.1
Unarmed Combat | 1 |  1.1
Evocations     | 1 |  1.1
Dodging        | |  4.6
Stealth        | |  4.2
Spellcasting   | |  7.2
Hexes          | |  0.9
Charms         | |  0.9
Necromancy     | |  0.9
Transmutations | |  0.9
Fire Magic     | |  0.9
Ice Magic      | |  0.9
Air Magic      | |  0.9
Earth Magic    | |  0.9
Poison Magic   | |  0.9

Action                   |  1- 3 |  4- 6 || total
-------------------------+-------+-------++-------
Melee: Whip              |    16 |       ||    16
       Bite              |     1 |     1 ||     2
       Trident           |       |    20 ||    20
 Cast: Magic Dart        |    82 |    22 ||   104
       Call Imp          |     5 |     7 ||    12
       Blink             |     1 |     2 ||     3
  Eat: Chunk             |     1 |     2 ||     3
Armor: Robe              |     4 |       ||     4
       Ring mail         |    12 |    13 ||    25
Dodge: Dodged            |    29 |    23 ||    52
